 Dungeon Crawl Stone Soup version 0.21-a0-394-gdc75ea7 (webtiles) character file.

4791 qqqbard the Carver (level 10, -2/53 HPs)
             Began as a Vine Stalker Berserker on Oct 18, 2017.
             Was a High Priest of Trog.
             Slain by a killer bee (4 damage)
             ... on level 9 of the Dungeon.
             The game lasted 00:13:36 (7472 turns).

qqqbard the Carver (Vine Stalker Berserker)         Turns: 7472, Time: 00:13:37

Health: -2/53      AC:  9    Str: 24    XL:     10   Next: 47%
Magic:  0/20       EV: 12    Int:  7    God:    Trog [*****.]
Gold:   375        SH: 10    Dex: 13    Spells: 9/9 levels left

rFire    . . .     SeeInvis .   O - +0 falchion (freeze)
rCold    . . .     Gourm    +   m - +0 shield
rNeg     . . .     Faith    .   d - +0 ring mail
rPois    +         Spirit   +   (no helmet)
rElec    .         Reflect  .   r - +1 cloak
rCorr    .         Harm     .   (no gloves)
MR       +++..                  w - +0 pair of boots
Stlth    +.........             x - amulet of the gourmand
HPRegen  1.57/turn              J - ring of poison resistance
MPRegen  0.17/turn              N - ring of magical power

@: lethally poisoned (-2 -> -2), regenerating
A: fangs 3, regeneration 1, magic shield, antimagic bite, no potion heal 3, rot
immunity
a: Berserk, Trog's Hand, Brothers in Arms, Burn Spellbooks, Renounce Religion


You were on level 9 of the Dungeon.
You worshipped Trog.
Trog was extremely pleased with you.
You were completely stuffed.

You visited 1 branch of the dungeon, and saw 9 of its levels.
You also visited: Ossuary.

You collected 375 gold pieces.

Inventory:

Hand Weapons
 O - a +0 falchion of freezing (weapon)
Armour
 d - a +0 ring mail (worn)
 m - a +0 shield (worn)
 r - a +1 cloak (worn)
 w - a +0 pair of boots (worn)
 E - a +1 plate armour
Jewellery
 x - an amulet of the gourmand (around neck)
 J - a ring of poison resistance (left hand)
 N - a ring of magical power (right hand)
 S - an uncursed amulet of magic regeneration {unknown}
Wands
 l - a wand of polymorph (16/24)
 q - a wand of flame (27/48)
 u - a wand of enslavement (8/24)
 y - a wand of flame (25/48)
 R - a wand of polymorph (8/24)
Scrolls
 a - a scroll of noise {unknown}
 e - 4 scrolls of identify
 g - a scroll of enchant armour
 k - a scroll of immolation {unknown}
 n - a scroll of magic mapping
 t - 3 scrolls of amnesia
 v - 2 scrolls of fear {unknown}
 D - a scroll of teleportation {unknown}
 H - 3 scrolls of remove curse
 K - 2 scrolls of enchant weapon {unknown}
 L - a scroll of recharging {unknown}
 T - a scroll of fog {unknown}
Potions
 b - 2 potions of might {unknown}
 f - 5 potions of curing
 h - 2 potions of cancellation {unknown}
 i - a potion of flight {unknown}
 j - 5 potions of degeneration {unknown}
 o - 6 potions of heal wounds {unknown}
 p - 2 potions of lignification {unknown}
 z - a potion of haste {unknown}
 A - a potion of agility {unknown}
 B - 3 potions of invisibility {unknown}
 F - a potion of resistance {unknown}
 I - a potion of brilliance {unknown}
 M - 3 potions of ambrosia {unknown}
 P - a potion of experience {unknown}
Books
 Q - a book of Necromancy

   Spells                             Type                      Level
   a - Pain                           Necromancy                   1
   b - Animate Skeleton               Necromancy                   1
   c - Vampiric Draining              Necromancy                   3
   d - Regeneration                   Charms/Necromancy            3
   e - Animate Dead                   Necromancy                   4
   f - Control Undead                 Necromancy                   4
   Trog disapproves of the use of such an item.
Comestibles
 c - 5 bread rations
 s - 3 royal jellies
 C - 4 fruits
 G - 2 meat rations
 U - 7 chunks of flesh


   Skills:
 + Level 6.2 Fighting
 * Level 8.6 Long Blades
 + Level 5.2 Armour
 + Level 5.2 Dodging
 + Level 5.6 Shields


You had 9 spell levels left.
You didn't know any spells.

Dungeon Overview and Level Annotations

Branches:
Dungeon (9/15)             Temple (0/1) D:6
   Lair: D:8-11         Orc: D:9-12

Altars:
Ashenzari
Cheibriados
Gozag
Nemelex Xobeh
Ru
Uskayaw
Vehumet
Zin
The Shining One

Shops:
D:8 :


Innate Abilities, Weirdness & Mutations

You have razor-sharp teeth.
Your natural rate of healing is unusually fast.
When hurt, damage is shared between your health and your magic reserves.
Your bite disrupts and absorbs the magic of your enemies.
Potions cannot restore your health.
You are immune to rotting.


Message History

The killer bee is severely wounded.
You block the killer bee's attack. x4; The killer bee stings you.
* * * LOW HITPOINT WARNING * * *
The killer bee barely misses you.
You riposte.
You closely miss the killer bee. You bite the killer bee. You drain its power.
You feel invigorated.
You kill the killer bee!
Trog accepts your kill. The killer bee closely misses you.
The killer bee stings you but does no damage.
The killer bee stings you.
* * * LOW HITPOINT WARNING * * *
You are lethally poisoned!
The killer bee poisons you!
Unknown command.
Unknown command.
Your skin crawls.
You feel resistant to hostile enchantments.
You feel somewhat less full.
You feel sick. You block the killer bee's attack. The killer bee stings you.
You die...

***##...###+#.......#.....#...
*,,,........#.......#.....#...
*****##......#.......#.....#...
*,,,,,....t..#.......#.....#...
*,,,,***#....#...[...#.....#...
*,,*,**,*#†..........#....)##'#
*,,**,*,#.#.y5....####.....)...
*,**,*,#y*##yy#####............
*,*,*,#y*,*#yy@................
*,,*,#y*,*,#.y†................
*,**#y*,*,*#..........#########
*,,*.*,*,*#...........#
*,,****,*,#...........#
*,,,,****.....####....#
*,,,,,,,......# #....#
**,,,,,,......* #....#
************** *,,,,*


You could see a crocodile, 6 killer bees and a shadow imp.

Vanquished Creatures
  2 two-headed ogres
  2 wyverns (D:8)
  An orc warrior (D:7)
  2 black bears
  3 ice beasts
  5 ogres
  2 centaurs
  5 bullfrogs
  A gnoll sergeant (D:8)
  A scorpion (D:6)
  A wyvern skeleton (D:6)
  2 killer bees (D:9)
  2 howler monkeys (D:6)
  2 crimson imps (D:5)
  A centaur zombie (D:6)
  A jelly (D:8)
  2 hounds
  6 orc wizards
  5 orc priests
  Crazy Yiuf (D:2)
  A bullfrog skeleton (D:5)
  A centaur skeleton (D:6)
  Ijyb (D:3)
  5 iguanas
  4 worker ants
  4 hound zombies (Ossuary)
  A hound skeleton (D:4)
  11 mummies (Ossuary)
  A howler monkey zombie (Ossuary)
  7 worker ant zombies
  4 gnolls
  A howler monkey skeleton (D:4)
  10 adders
  An ooze (D:4)
  7 adder zombies
  4 adder skeletons
  2 worms
  2 dart slugs
  2 leopard geckos
  27 orcs
  11 bats
  4 giant cockroaches
  4 goblins
  5 hobgoblins
  4 jackals
  5 kobolds
  A quokka (D:3)
  4 ball pythons
  4 frilled lizards
  A giant cockroach zombie (D:5)
  2 jackal zombies (Ossuary)
  2 leopard gecko zombies (Ossuary)
  A quokka skeleton (D:5)
  A quokka zombie (Ossuary)
  13 rats
  A plant (D:1)
  A withered plant (Ossuary)
207 creatures vanquished.

Vanquished Creatures (others)
  A withered plant (Ossuary)
1 creature vanquished.

Grand Total: 208 creatures vanquished

Notes
Turn   | Place    | Note
-------+----------+-------------------------------------------
     0 | D:1      | qqqbard the Vine Stalker Berserker began the quest for the Orb.
     0 | D:1      | Reached XP level 1. HP: 11/11 MP: 2/2
   102 | D:1      | Reached XP level 2. HP: 16/16 MP: 3/3
   117 | D:1      | Reached skill level 3 in Long Blades
   215 | D:1      | Reached XP level 3. HP: 13/19 MP: 2/4
   425 | D:1      | Reached ** piety under Trog
   950 | D:2      | Gained mutation: Your natural rate of healing is unusually fast. [Vine Stalker growth]
   950 | D:2      | Reached XP level 4. HP: 19/24 MP: 5/5
  1308 | D:2      | Found a runed door.
  1312 | D:2      | Noticed Crazy Yiuf
  1315 | D:2      | Killed Crazy Yiuf
  1315 | D:2      | Reached skill level 1 in Shields
  1315 | D:2      | Reached XP level 5. HP: 23/28 MP: 6/6
  1526 | D:2      | Found a glowing silver altar of Zin.
  1798 | D:3      | Noticed Ijyb
  1803 | D:3      | Killed Ijyb
  1845 | D:3      | Reached skill level 4 in Long Blades
  1927 | D:3      | Found a glowing golden altar of the Shining One.
  2095 | D:3      | Found an opulent altar of Gozag.
  2316 | D:3      | Reached *** piety under Trog
  2324 | D:3      | Reached XP level 6. HP: 32/32 MP: 7/7
  2366 | D:3      | Found a shattered altar of Ashenzari.
  2839 | D:4      | Found a sparkling altar of Nemelex Xobeh.
  3082 | D:4      | Found a snail-covered altar of Cheibriados.
  3324 | D:4      | Reached XP level 7. HP: 15/37 MP: 4/8
  3523 | D:5      | Entered Level 5 of the Dungeon
  3982 | D:5      | Reached skill level 5 in Long Blades
  4003 | D:5      | Found a radiant altar of Vehumet.
  4073 | D:5      | Gained mutation: You have razor-sharp teeth. [Vine Stalker growth]
  4073 | D:5      | Reached XP level 8. HP: 30/42 MP: 9/9
  4537 | D:6      | Found a sand-covered staircase.
  4545 | Ossuary  | Entered an ossuary
  4568 | Ossuary  | Reached **** piety under Trog
  4715 | Ossuary  | Reached skill level 6 in Long Blades
  4950 | D:6      | Found a staircase to the Ecumenical Temple.
  5112 | D:6      | Reached XP level 9. HP: 36/46 MP: 10/10
  5178 | D:6      | Reached skill level 5 in Fighting
  5770 | D:7      | Found a hide-covered altar of Uskayaw.
  5879 | D:7      | Reached skill level 7 in Long Blades
  6494 | D:8      | Noticed a two-headed ogre
  6505 | D:8      | Killed a two-headed ogre
  6505 | D:8      | Reached skill level 5 in Shields
  6548 | D:8      | Reached XP level 10. HP: 42/53 MP: 11/11
  6557 | D:8      | Reached skill level 8 in Long Blades
  6564 | D:8      | Reached ***** piety under Trog
  6705 | D:8      | Reached skill level 5 in Armour
  6705 | D:8      | Reached skill level 5 in Dodging
  6932 | D:8      | Found a sacrificial altar of Ru.
  7196 | D:8      | Found Qoomod's Book Boutique.
  7360 | D:9      | Noticed a two-headed ogre
  7372 | D:9      | Killed a two-headed ogre
  7416 | D:9      | Found a sparkling altar of Nemelex Xobeh.
  7471 | D:9      | HP: 1/53 [killer bee (2)]
  7472 | D:9      | Slain by a killer bee

Vault maps used:
D:1:      zelgadis_glass_arrival_small, serial_bayou, serial_bayou_pond_b,
          serial_bayou_lagoon_b, serial_bayou_pond_d, serial_bayou_lagoon_a,
          minmay_tetromino_s2
D:2:      zin_treasury, grunt_ministairs_1, uniq_crazy_yiuf_cottage
D:3:      cheibrodos_pilgrimage, lemuel_doored_altar,
          ashenzari_conservatory_becter, grunt_gozag_statues, uniq_ijyb
D:4:      cheibrodos_barr_body, marbit_many_paths, first_bread,
          nemelex_lonely_heart_becter
D:5:      vehumet_altar_wand_db
D:6:      temple_fountains, lightli_ossuary_entry_decrepit_ruins,
          minmay_statues_item, kennysheep_small_square
D:7:      basic_altar
D:8:      nicolae_ru_awakened_eye, serial_shops, shop
D:9:      nicolae_whirlpool, kennysheep_little_box, overflow_temple_1_default,
          overflow_temple_1_default, david_nohive_1
Ossuary:  ossuary_zaba_flooded

Skill      XL: |  1  2  3  4  5  6  7  8  9 10 |
---------------+-------------------------------+-----
Long Blades    | 3 4 5 6 7 8 |  8.6
Fighting       | 3 4 5 6 |  6.2
Armour         | 2 3 4 5 |  5.2
Dodging        | 2 3 4 5 |  5.2
Shields        | 1 2 3 4 5 |  5.6

Action                   |  1- 3 |  4- 6 |  7- 9 | 10-12 || total
-------------------------+-------+-------+-------+-------++-------
Melee: Falchion          |    79 |   178 |   444 |    87 ||   788
       Bite              |    32 |    53 |   201 |    38 ||   324
Invok: Trog's Hand       |       |     1 |       |     2 ||     3
  Use: Scroll            |       |     4 |       |     3 ||     7
       Potion            |       |       |       |     1 ||     1
 Stab: Sleeping          |     1 |       |       |       ||     1
  Eat: Chunk             |       |    21 |    11 |     4 ||    36
Armor: Animal skin       |     9 |       |       |       ||     9
       Ring mail         |     5 |    63 |   120 |    16 ||   204
Dodge: Dodged            |    44 |   101 |   128 |    45 ||   318
Block: Shield            |       |       |   161 |    59 ||   220
       Rpst.: Falchion   |    13 |    30 |    37 |    17 ||    97

Table legend:
 A = Spawn XP
 B = Non-spawn XP
 C = Spawn XP percentage of total XP
 D = Spawn monster count
 E = Non-spawn monster count
 F = Spawn count percentage of total count
 G = Total turns spent on level
                    A         B        C        D         E        F      G
               +---------+---------+-------+---------+---------+-------+---------
         Total |       0 |    6845 |   0.0 |       0 |     205 |   0.0 |  7472
               +---------+---------+-------+---------+---------+-------+---------
           D:1 |       0 |      55 |   0.0 |       0 |      27 |   0.0 |   860
           D:2 |       0 |     147 |   0.0 |       0 |      25 |   0.0 |   938
           D:3 |       0 |     175 |   0.0 |       0 |      21 |   0.0 |   958
           D:4 |       0 |     297 |   0.0 |       0 |      16 |   0.0 |   767
           D:5 |       0 |     588 |   0.0 |       0 |      17 |   0.0 |   882
           D:6 |       0 |    1008 |   0.0 |       0 |      18 |   0.0 |   957
           D:7 |       0 |     754 |   0.0 |       0 |      10 |   0.0 |   634
           D:8 |       0 |    2289 |   0.0 |       0 |      31 |   0.0 |   890
           D:9 |       0 |    1052 |   0.0 |       0 |       7 |   0.0 |   198
       Ossuary |       0 |     480 |   0.0 |       0 |      33 |   0.0 |   388
               +---------+---------+-------+---------+---------+-------+---------
